 Dungeon Crawl Stone Soup version 0.22.1-2-g9c5b331 (webtiles) character file.

214 WarriorsX the Skirmisher (level 6, -1/51 HPs)
             Began as a Human Fighter on Dec 11, 2018.
             Slain by strongu's ghost (9 damage)
             ... on level 4 of the Dungeon.
             The game lasted 00:07:33 (3123 turns).

WarriorsX the Skirmisher (Human Fighter)            Turns: 3123, Time: 00:07:34

Health: -1/51      AC:  7    Str: 19      XL:     6   Next: 15%
Magic:  6/6        EV: 10    Int:  8      God:
Gold:   94         SH:  0    Dex:  4 (12) Spells: 5/5 levels left

rFire    . . .     SeeInvis .   a - +1 long sword
rCold    . . .     Gourm    .   (no shield)
rNeg     . . .     Faith    .   b - +0 scale mail
rPois    .         Spirit   .   (no helmet)
rElec    .         Reflect  .   (no cloak)
rCorr    .         Harm     .   (no gloves)
MR       .....                  j - +0 pair of boots
Stlth    ..........             (no amulet)
HPRegen  0.17/turn              (no ring)
MPRegen  0.10/turn              (no ring)

@: no status effects
A: no striking features
a: no special abilities


You were on level 4 of the Dungeon.
You were not hungry.

You visited 1 branch of the dungeon, and saw 4 of its levels.

You collected 94 gold pieces.

Inventory:

Hand Weapons
 a - a +1 long sword (weapon)
Armour
 b - a +0 scale mail (worn)
 j - a +0 pair of boots (worn)
Jewellery
 e - a +4 ring of intelligence {unknown}
 h - a +4 ring of dexterity
 k - an uncursed ring of protection from cold {unknown}
 n - an uncursed amulet of magic regeneration {unknown}
Wands
 q - a wand of clouds (7)
Scrolls
 c - 2 scrolls of remove curse {unknown}
 i - 2 scrolls of identify {unknown}
 o - a scroll of enchant weapon
 r - a scroll of immolation {unknown}
 t - a scroll of amnesia {unknown}
Potions
 d - a potion of might
 g - 3 potions of resistance
 l - a potion of curing
Comestibles
 f - 7 rations


   Skills:
 - Level 5.0 Fighting
 - Level 2.0 Long Blades
 - Level 3.0 Armour
 + Level 3.7 Dodging
   Level 3.0 Shields


You had 5 spell levels left.
You didn't know any spells.
Your spell library was empty.

Dungeon Overview and Level Annotations

Branches:
Dungeon (4/15)
 Temple: D:4-7

Altars:
Gozag
Makhleb
Ru
Uskayaw
Wu Jian

Annotations:
D:4 strongu's ghost, amateur OpGl


Message History

You now have 88 gold pieces (gained 8).
Strongu's ghost hits you! Strongu's ghost hits you!
You see here 6 gold pieces.
You now have 94 gold pieces (gained 6).
Strongu's ghost closely misses you. Strongu's ghost barely misses you.
Strongu's ghost hits you.
There is a transporter landing site here.
Strongu's ghost stares at you.
There is a transporter here.
You enter the transporter and appear at another place.
Strongu's ghost hits you but does no damage.
Strongu's ghost hits you! Strongu's ghost hits you!
* * * LOW HITPOINT WARNING * * *
There is a stone staircase leading down here.
Strongu's ghost barely misses you.
You climb downwards.
There is a stone staircase leading up here.
Strongu's ghost hits you!
You die... ####.# #@W..# ######

You could see strongu's ghost.

Vanquished Creatures
  2 quasits (D:3)
  Ijyb (D:3)
  6 adders
  An ooze (D:3)
  A worm (D:3)
  5 dart slugs
  2 giant cockroaches (D:1)
  5 goblins
  11 hobgoblins
  4 kobolds
  2 quokkas
  A ball python (D:1)
  10 bats
  3 frilled lizards
  3 rats
57 creatures vanquished.

Notes
Turn   | Place    | Note
-------+----------+-------------------------------------------
     0 | D:1      | WarriorsX the Human Fighter began the quest for the Orb.
     0 | D:1      | Reached XP level 1. HP: 18/18 MP: 1/1
    62 | D:1      | Reached XP level 2. HP: 13/24 MP: 2/2
   350 | D:1      | Reached skill level 4 in Fighting
   350 | D:1      | Reached XP level 3. HP: 28/30 MP: 3/3
   618 | D:2      | Found a hide-covered altar of Uskayaw.
   630 | D:2      | Found an ornate altar of the Wu Jian Council.
   684 | D:2      | Reached XP level 4. HP: 28/38 MP: 4/4
  1053 | D:2      | Reached skill level 5 in Fighting
  1223 | D:2      | Found a sacrificial altar of Ru.
  1659 | D:3      | Noticed Ijyb
  1677 | D:3      | Killed Ijyb
  1677 | D:3      | Reached skill level 1 in Dodging
  1677 | D:3      | Reached XP level 5. HP: 17/44 MP: 5/5
  1926 | D:3      | HP: 2/44 [poisoned by an adder]
  1934 | D:3      | HP: 1/44 [poisoned by an adder]
  2423 | D:3      | Found a transporter.
  2429 | D:3      | Noticed strongu's ghost (amateur OpGl)
  2452 | D:3      | Found a transporter.
  2881 | D:3      | Found an opulent altar of Gozag.
  2897 | D:3      | Reached XP level 6. HP: 50/51 MP: 6/6
  2997 | D:3      | Found a burning altar of Makhleb.
  3123 | D:4      | Slain by strongu's ghost

Skill      XL: |  1  2  3  4  5 |
---------------+----------------+-----
Fighting       | 4 5 |  5.0
Dodging        | 1 3 |  3.7
Long Blades    | |  2.0
Armour         | |  3.0
Shields        | |  3.0

Action                   |  1- 3 |  4- 6 || total
-------------------------+-------+-------++-------
Melee: Long sword        |    95 |   133 ||   228
  Use: Scroll            |       |     4 ||     4
       Potion            |       |     3 ||     3
  Eat: Chunk             |       |     7 ||     7
Armor: Scale mail        |    77 |   194 ||   271
Dodge: Dodged            |    45 |   170 ||   215
       Rpst.: Long sword |    14 |    27 ||    41
